 Dungeon Crawl Stone Soup version 0.28-a0-1506-g3893175d92 (webtiles) character file.

Game seed: 6387142944232252819

188 oldriver the Ducker (level 5, -3/43 HPs)
             Began as a Gnoll Gladiator on Jan 14, 2022.
             Slain by an orc (5 damage)
             ... on level 4 of the Dungeon.
             The game lasted 00:04:43 (3554 turns).

oldriver the Ducker (Gnoll Gladiator)               Turns: 3554, Time: 00:04:43

Health: -3/43      AC:  4    Str: 16    XL:     5   Next: 67%
Magic:  7/7        EV: 14    Int:  7    God:
Gold:   161        SH:  0    Dex: 13    Spells: 7/7 levels left

rFire   + . .      SeeInvis .   a - +1 whip (venom)
rCold   . . .      Faith    .   (no shield)
rNeg    . . .      Spirit   .   b - +0 leather armour
rPois   +          Reflect  .   c - +0 helmet
rElec   .          Harm     .   (no cloak)
rCorr   .          Rampage  .   (no gloves)
Will    .....                   (no boots)
Stlth   ++........              (no amulet)
HPRegen 0.14/turn               i - ring of poison resistance
MPRegen 0.10/turn               j - ring of protection from fire

@: no status effects
A: fangs 1, strong nose, distributed training
a: no special abilities


You were on level 4 of the Dungeon.
You visited 1 branch of the dungeon, and saw 4 of its levels.

You collected 161 gold pieces.

Inventory:

Hand Weapons
 a - a +1 whip of venom (weapon)
 f - a +1 short sword of speed
Missiles
 d - 2 throwing nets (quivered)
Armour
 b - a +0 leather armour (worn)
 c - a +0 helmet (worn)
Jewellery
 i - a ring of poison resistance (left hand)
 j - a ring of protection from fire (right hand)
 n - a ring of magical power
Potions
 e - a potion of attraction {unknown}
 g - a potion of heal wounds
 k - a potion of degeneration
 m - a potion of ambrosia
 o - 4 potions of curing {unknown}


   Skills:
 + Level 4.8 Fighting
 + Level 1.6 Short Blades
 + Level 6.7 Long Blades
 + Level 1.6 Axes
 + Level 1.6 Maces & Flails
 + Level 1.6 Polearms
 + Level 1.6 Staves
 + Level 1.6 Slings
 + Level 1.6 Bows
 + Level 1.6 Crossbows
 + Level 4.8 Throwing
 + Level 1.6 Armour
 + Level 6.7 Dodging
 + Level 1.6 Stealth
 + Level 1.6 Shields
 + Level 1.6 Unarmed Combat
 + Level 1.6 Spellcasting
 + Level 1.2 Conjurations
 + Level 1.2 Hexes
 + Level 1.2 Summonings
 + Level 1.2 Necromancy
 + Level 1.2 Translocations
 + Level 1.2 Transmutations
 + Level 1.2 Fire Magic
 + Level 1.2 Ice Magic
 + Level 1.2 Air Magic
 + Level 1.2 Earth Magic
 + Level 1.2 Poison Magic
 + Level 1.8 Invocations
 + Level 1.6 Evocations


You had 7 spell levels left.
You didn't know any spells.
Your spell library was empty.

Dungeon Overview and Level Annotations

Branches:
Dungeon (4/15)
 Temple: D:4-7

Altars:
Dithmenos
Fedhas

Shops:
D:3 [

Annotations:
D:3 1 runed translucent door, Terence; shadowrider38's ghost, amateur DgIE
D:4 Grinder


Innate Abilities, Weirdness & Mutations

You have very sharp teeth.
Your uncanny sense of smell can sniff out nearby items.
Your experience applies equally to all skills.


Message History

You hear the brisk hiss of an avalanche of sand nearby.
The goblin barely misses you. The orc priest barely misses you.
You hit the orc priest but do no damage.
The orc priest is moderately wounded.
The goblin hits you with a +0 club. The orc priest misses you.
You barely miss the orc priest.
The orc priest is severely wounded.
The goblin hits you with a +0 club.
The orc priest hits you with a +0 hand axe.
You hit the orc priest.
The orc priest looks as sick as possible!
The orc priest is almost dead.
The goblin hits you but does no damage.
The orc priest hits you with a +0 hand axe.
You closely miss the orc priest.
The orc priest is almost dead.
You kill the orc priest!
The goblin hits you with a +0 club.
You hit the goblin.
The goblin is moderately wounded.
The water moccasin skeleton misses you. The goblin hits you with a +0 club.
Things that are here:
a +0 whip; a +0 ring mail The orc shouts! x2
An orc comes into view. It is wielding a +0 trident.
The orc shouts!
You hear a shout!
A goblin comes into view. It is wielding a +0 club.
Found a stone staircase leading up.
The goblin hits you but does no damage.
The orc hits you from afar with a +0 trident.
* * * LOW HITPOINT WARNING * * *
The goblin barely misses you. The orc hits you with a +0 trident!
* * * LOW HITPOINT WARNING * * *
The goblin barely misses you. The orc misses you. The orc barely misses you.
There is a stone staircase leading up here.
The goblin hits you with a +0 club.
* * * LOW HITPOINT WARNING * * *
The orc hits you from afar with a +0 trident.
You die...

###..#.#..# ∆ #.........#
#.##.###.## ########.##.....#
#.....##.########
#.....##.######
#..o..##..>...#
#..g..#######.# #.Zog@..# #.#
# #.#o###.# #.# #.
#.#.###.### #.# ###.###
#.#.......# #.# #.....#
#.#..##.#.# #.# #.#
#.####Z#..##.#.###.##### #.#
#(Z.......(............#
#.###.######..####.##.......#
###.....# #.o....>##..###..#


You could see 3 orcs, 2 goblins and a water moccasin skeleton.

Vanquished Creatures
  An orc priest (D:4)
  A killer bee zombie (D:4)
  2 gnolls (D:3)
  4 adders
  A worm (D:3)
  3 dart slugs
  7 orcs
  4 bats
  5 endoplasms
  2 giant cockroaches
  5 goblins
  9 hobgoblins
  4 jackals
  A quokka (D:1)
  6 ball pythons
  6 frilled lizards
  6 kobolds
  A rat (D:2)
68 creatures vanquished.

Notes
Turn   | Place    | Note
-------+----------+-------------------------------------------
     0 | D:1      | oldriver the Gnoll Gladiator began the quest for the Orb.
     0 | D:1      | Reached XP level 1. HP: 20/20 MP: 1/1
    55 | D:1      | Found a faded altar of an unknown god.
    70 | D:1      | Reached XP level 2. HP: 25/26 MP: 2/2
   463 | D:1      | Reached XP level 3. HP: 31/31 MP: 3/3
   914 | D:2      | Reached skill level 1 in Invocations
  1180 | D:2      | Reached skill level 1 in Short Blades
  1180 | D:2      | Reached skill level 1 in Axes
  1180 | D:2      | Reached skill level 1 in Maces & Flails
  1180 | D:2      | Reached skill level 1 in Polearms
  1180 | D:2      | Reached skill level 1 in Staves
  1180 | D:2      | Reached skill level 1 in Slings
  1180 | D:2      | Reached skill level 1 in Bows
  1180 | D:2      | Reached skill level 1 in Crossbows
  1180 | D:2      | Reached skill level 1 in Armour
  1180 | D:2      | Reached skill level 1 in Stealth
  1180 | D:2      | Reached skill level 1 in Shields
  1180 | D:2      | Reached skill level 1 in Unarmed Combat
  1180 | D:2      | Reached skill level 1 in Spellcasting
  1180 | D:2      | Reached skill level 1 in Evocations
  1234 | D:2      | Reached XP level 4. HP: 34/38 MP: 5/5
  1509 | D:3      | Found Ostroge's Armour Shoppe.
  1733 | D:3      | Found a shadowy altar of Dithmenos.
  1919 | D:3      | Found a faded altar of an unknown god.
  1923 | D:3      | Found a blossoming altar of Fedhas.
  1973 | D:3      | Reached skill level 1 in Conjurations
  1973 | D:3      | Reached skill level 1 in Hexes
  1973 | D:3      | Reached skill level 1 in Summonings
  1973 | D:3      | Reached skill level 1 in Necromancy
  1973 | D:3      | Reached skill level 1 in Translocations
  1973 | D:3      | Reached skill level 1 in Transmutations
  1973 | D:3      | Reached skill level 1 in Fire Magic
  1973 | D:3      | Reached skill level 1 in Ice Magic
  1973 | D:3      | Reached skill level 1 in Air Magic
  1973 | D:3      | Reached skill level 1 in Earth Magic
  1973 | D:3      | Reached skill level 1 in Poison Magic
  2281 | D:3      | Noticed Terence
  2465 | D:3      | Found a runed translucent door.
  2470 | D:3      | Noticed shadowrider38's ghost (amateur DgIE)
  3255 | D:4      | HP: 1/38 [killer bee zombie (6)]
  3263 | D:4      | Reached XP level 5. HP: 20/43 MP: 5/7
  3494 | D:4      | Noticed Grinder
  3554 | D:4      | HP: 2/43 [goblin (2)]
  3554 | D:4      | Slain by an orc

Illustrated notes

Levels and vault maps discovered:
D:1:      amcnicky_arrival_feature_with_door, layout_basic,
          chequers_ecumenical_altar_island, minmay_pentomino_v4
D:2:      layout_rooms
D:3:      layout_basic, mainiacjoe_overflow_surrounded_room,
          nicolae_overflow_ecumenical_swirl, serial_shops,
          nicolae_shop_hallway_plus, ebering_ghost_reflecting_pool, uniq_terence
D:4:      layout_loops_cross, temple_green, enter_ossuary_3,
          ebering_dispersal_statue_hall, uniq_grinder

Skill      XL: |  1  2  3  4 |
---------------+-------------+-----
Invocations    | 1 |  1.8
Short Blades   | 1 |  1.6
Axes           | 1 |  1.6
Maces & Flails | 1 |  1.6
Polearms       | 1 |  1.6
Staves         | 1 |  1.6
Slings         | 1 |  1.6
Bows           | 1 |  1.6
Crossbows      | 1 |  1.6
Armour         | 1 |  1.6
Stealth        | 1 |  1.6
Shields        | 1 |  1.6
Unarmed Combat | 1 |  1.6
Spellcasting   | 1 |  1.6
Evocations     | 1 |  1.6
Conjurations   | 1 |  1.2
Hexes          | 1 |  1.2
Summonings     | 1 |  1.2
Necromancy     | 1 |  1.2
Translocations | 1 |  1.2
Transmutations | 1 |  1.2
Fire Magic     | 1 |  1.2
Ice Magic      | 1 |  1.2
Air Magic      | 1 |  1.2
Earth Magic    | 1 |  1.2
Poison Magic   | 1 |  1.2
Fighting       | |  4.8
Long Blades    | |  6.7
Throwing       | |  4.8
Dodging        | |  6.7

Action                   |  1- 3 |  4- 6 || total
-------------------------+-------+-------++-------
Melee: Long sword        |    94 |    40 ||   134
       Punch             |     2 |     1 ||     3
       Bite              |     3 |    21 ||    24
       Short sword       |       |    74 ||    74
       Whip              |       |    46 ||    46
Throw: Throwing net      |       |     1 ||     1
  Use: Scroll            |       |     7 ||     7
       Potion            |       |     1 ||     1
 Stab: Sleeping          |       |     1 ||     1
Armor: Leather armour    |    21 |    30 ||    51
Dodge: Dodged            |    88 |   136 ||   224

Table legend: (Time is in decaauts)
 A = Elapsed time spent in this place.
 B = Non-inter-level travel time spent in this place.
 C = Inter-level travel time spent in this place.
 D = Time resting spent in this place.
 E = Time spent auto-exploring this place.
 F = Levels seen in this place.
 G = Mean time per level.
                   A        B        C        D        E       F      G
               +--------+--------+--------+--------+--------+-----+--------+
         Total |   3543 |   3420 |    123 |    588 |   1993 |   4 |  885.8 |
       Dungeon |   3543 |   3420 |    123 |    588 |   1993 |   4 |  885.8 |
               +--------+--------+--------+--------+--------+-----+--------+

Top non-repeatable levels by time:
     D:3: 1313 daAuts
     D:2: 1013 daAuts
     D:1: 830 daAuts
     D:4: 386 daAuts
